AoeStats
← Im Noob

African Clearing

510289460Analyzed
4v4 RM · 1d ago on Sep 30, 2026· 46m 50s· 8 players
Game mode
Random Map
Map size
Large (8 player)
Population
200
Speed
Normal
Resources
Standard
Victory
Conquest
Starting age
Dark Age
Ending age
Imperial Age
RankedLock teamsTeams togetherTeam positionsShared explorationLock speedFull tech treeHidden civsTurbo modeCheats
Victory
Defeat
🇨🇳 Italians · China
1092
+12
🇧🇷 Burmese · Brazil
1047
+14
🇨🇳 Celts · China
1020
+14
🇨🇳 Maya · China
993
+15
🇸🇮 Magyars · Slovenia
1029
-15
🇫🇷 Mongols · France
1004
-14
🇮🇪 Spanish · Ireland
997
-14
🇹🇷 Franks · Türkiye
938
-12
q721372930
14:42 Feudal Age
12:58 Loom
19:51 Castle Age
18:33 Gold Mining
18:29 Double-Bit Axe
22:31 Bloodlines
25:21 Horse Collar
27:09 Stone Mining
27:42 Scale Barding Armor
28:50 Wheelbarrow
32:27 Forging
35:29 Hand Cart
36:05 Bow Saw
35:59 Heavy Plow
40:02 Imperial Age
37:57 Fortified Wall
38:08 Ballistics
40:46 Man-at-Arms
41:11 Gambesons
41:27 Squires
41:12 Arson
40:48 Pikeman
41:31 Scale Mail Armor
42:08 Iron Casting
41:24 Fletching
41:34 Padded Archer Armor
41:40 Long Swordsman
42:37 Chain Mail Armor
42:43 Chain Barding Armor
41:46 Cavalier
42:27 Husbandry
41:47 Light Cavalry
41:52 Halberdier
43:57 Two-Man Saw
44:18 Stone Shaft Mining
43:08 Two-Handed Swordsman
43:58 Hussar
46:50 Plate Mail Armor
47:32 Blast Furnace
Đibrehlija
4:13 Loom
13:25 Feudal Age
14:07 Double-Bit Axe
14:11 Horse Collar
17:33 Fishing Lines
19:42 Bloodlines
24:48 Castle Age
26:37 Bow Saw
27:01 Heavy Plow
28:57 Scale Barding Armor
32:47 Imperial Age
31:03 Wheelbarrow
32:54 Husbandry
33:19 Chain Barding Armor
33:53 Conscription
34:24 Town Watch
34:51 Gold Mining
36:26 Plate Barding Armor
35:44 Fletching
37:04 Corvinian Army
41:51 Heavy Cavalry Archer
42:56 Parthian Tactics
43:13 Bodkin Arrow
43:19 Padded Archer Armor
44:48 Bracer
45:03 Leather Archer Armor
Siller
14:01 Feudal Age
15:31 Double-Bit Axe
22:44 Castle Age
20:47 Fishing Lines
23:31 Gillnets
25:17 Loom
25:28 Horse Collar
26:01 Bow Saw
25:51 Fletching
26:02 Padded Archer Armor
26:11 Gold Mining
26:11 Stone Mining
32:01 Bodkin Arrow
32:22 Leather Archer Armor
34:51 Imperial Age
32:56 Ballistics
33:05 Heavy Plow
34:09 Gold Shaft Mining
34:10 Stone Shaft Mining
36:32 Wheelbarrow
36:35 Conscription
37:46 Chemistry
36:59 Elite Mangudai
42:25 Hand Cart
43:35 Bracer
44:04 Parthian Tactics
43:45 Thumb Ring
44:57 Light Cavalry
45:48 Bloodlines
Hüso
14:37 Feudal Age
19:43 Man-at-Arms
36:24 Castle Age
38:29 Wheelbarrow
43:43 Scale Barding Armor
赢嘤嘤嘤嘤因
14:03 Feudal Age
12:40 Loom
14:37 Man-at-Arms
15:40 Double-Bit Axe
18:08 Arson
19:53 Scale Mail Armor
28:54 Wheelbarrow
32:30 Castle Age
30:16 Horse Collar
32:47 Pikeman
36:05 Hand Cart
45:37 Heavy Plow
49:58 Imperial Age
Coffee Break Golden
3:50 Loom
15:02 Feudal Age
19:16 Castle Age
17:28 Horse Collar
20:12 Wheelbarrow
20:12 Heavy Plow
27:34 Gold Mining
28:19 Hand Cart
29:50 Gold Shaft Mining
33:26 Imperial Age
31:06 Squires
31:40 Scale Mail Armor
31:50 Arson
31:53 Gambesons
32:22 Forging
32:14 Pikeman
33:04 Stone Mining
33:56 Iron Casting
33:38 Chain Mail Armor
33:30 Capped Ram
34:35 Conscription
33:47 Halberdier
35:25 Plate Mail Armor
36:02 Blast Furnace
35:11 Fletching
38:04 Town Watch
40:08 Elite Skirmisher
40:44 Bodkin Arrow
40:50 Padded Archer Armor
42:22 Chemistry
42:34 Bracer
43:25 Crop Rotation
44:53 Ballistics
Im Noob
14:01 Feudal Age
17:51 Castle Age
21:08 Double-Bit Axe
24:18 Bow Saw
29:30 Wheelbarrow
28:52 Horse Collar
29:41 Heavy Plow
33:28 Imperial Age
31:16 Hand Cart
31:13 Loom
32:02 Stone Mining
32:03 Gold Mining
36:58 Conscription
36:02 Elite Genoese Crossbowman
36:36 Fletching
36:47 Padded Archer Armor
39:57 Chemistry
39:43 Leather Archer Armor
39:23 Bodkin Arrow
39:30 Scale Mail Armor
39:55 Ballistics
39:30 Murder Holes
39:16 Treadmill Crane
41:05 Two-Man Saw
41:55 Ring Archer Armor
41:25 Bracer
41:31 Bracer
42:10 Chain Mail Armor
42:06 Thumb Ring
45:43 Stone Shaft Mining
加成
8:07 Loom
14:28 Feudal Age
16:33 Wheelbarrow
16:00 Double-Bit Axe
19:14 Castle Age
18:06 Horse Collar
18:35 Stone Mining
19:20 Gold Mining
20:42 Pikeman
27:46 Bow Saw
28:08 Heavy Plow
28:17 Crossbowman
29:49 Hand Cart
35:16 Imperial Age
32:46 Treadmill Crane
32:59 Fletching
33:49 Masonry
35:05 Bodkin Arrow
35:34 Squires
36:50 Conscription
38:20 Bracer
38:47 Ballistics
39:13 Scale Mail Armor
39:23 Arbalester
41:16 Thumb Ring
42:33 Chain Mail Armor
42:41 Halberdier
43:53 Plate Mail Armor
45:13 Chemistry
44:19 Town Watch
45:07 Crop Rotation
45:39 Two-Man Saw
46:32 Forging
45:48 Eagle Warrior
46:15 Arson
47:02 Holcans
Connection lost

Rejoining the realm…

Still unreachable

The connection could not be restored.

Session expired

The server has moved on; the page needs a fresh start.